Map: New Gettysburg LE

Players

Neeblet (Neeb)

  • Race: Protoss Protoss

Dark - Winner!

  • Race: Zerg Zerg

Event: 2016 WCS Global Finals

VOD

Have the link to the VOD?

Description

Time

  • Played on: Nov. 4, 2016, 4:48 p.m.
  • Length: 6:49

All games in this series

Show
View Real Time Build Order
Export as new Build Order

Neeblet Protoss 

Build Orders: 1 Gate Expand, Oracle Opening 

Get SALT Encoding   

  12  0:00  Probe (Chrono Boost)  
  13  0:11  Probe (Chrono Boost)  
  14  0:17  Pylon  
  14  0:22  Probe (Chrono Boost)  
  15  0:36  Probe (Chrono Boost)  
  15  0:39  Gateway  
  16  0:46  Probe (Chrono Boost)  
  16  0:49  Assimilator  
  18  0:57  Probe (Chrono Boost)  
  18  1:07  Probe (Chrono Boost)  
  19  1:25  Nexus  
  19  1:27  Probe (Chrono Boost)  
  20  1:38  Cybernetics Core  
  20  1:39  Probe (Chrono Boost)  
  21  1:44  Assimilator  
  21  1:49  Probe (Chrono Boost)  
  21  1:54  Pylon  
  22  2:00  Probe (Chrono Boost)  
  23  2:11  Adept  
  23  2:13  Probe (Chrono Boost)  
  23  2:14  Warp Gate  
  26  2:25  Probe (Chrono Boost)  
  27  2:35  Adept, Stargate  
  28  2:37  Probe (Chrono Boost)  
  28  2:38  Probe (Chrono Boost)  
  31  2:48  Probe (Chrono Boost)  
  31  2:50  Probe (Chrono Boost)  
  34  2:58  Probe (Chrono Boost)  
  34  3:02  Probe (Chrono Boost)  
  35  3:09  Probe (Chrono Boost)  
  37  3:13  Probe (Chrono Boost), Oracle  
  41  3:21  Probe (Chrono Boost)  
  41  3:24  Pylon  
  41  3:25  Probe (Chrono Boost)  
  42  3:33  Probe (Chrono Boost)  
  43  3:36  Mothership Core (Chrono Boost)  
  43  3:38  Nexus  
  45  3:41  Pylon  
  45  3:46  Probe (Chrono Boost)  
  46  3:48  Oracle  
  46  3:54  Probe (Chrono Boost)  
  50  3:58  Probe (Chrono Boost)  
  50  3:59  Pylon  
  51  4:04  Gateway  
  51  4:05  Probe (Chrono Boost)  
  51  4:08  Gateway  
  52  4:12  Probe (Chrono Boost)  
  53  4:17  Probe (Chrono Boost)  
  53  4:22  Phoenix  
  53  4:23  Assimilator x2  
  55  4:24  Probe (Chrono Boost)  
  55  4:28  Probe (Chrono Boost)  
  58  4:36  Probe (Chrono Boost)  
  59  4:38  Pylon, Probe (Chrono Boost)  
  59  4:39  Sentry  
  59  4:43  Forge  
  62  4:48  Robotics Facility, Probe (Chrono Boost)  
  62  4:49  Probe (Chrono Boost)  
  64  4:57  Probe (Chrono Boost)  
  64  4:59  Probe (Chrono Boost)  
  67  5:00  Probe (Chrono Boost)  
  67  5:05  Sentry  
  67  5:06  Pylon  
  69  5:08  Probe (Chrono Boost)  
  69  5:10  Probe (Chrono Boost)  
  69  5:12  Probe (Chrono Boost)  
  72  5:18  Probe (Chrono Boost)  
  74  5:22  Probe (Chrono Boost)  
  74  5:24  Probe (Chrono Boost)  
  74  5:25  Sentry  
  74  5:27  Assimilator  
  77  5:29  Assimilator, Probe (Chrono Boost)  
  77  5:30  Immortal  
  77  5:34  Probe (Chrono Boost)  
  84  5:35  Pylon  
  84  5:36  Probe (Chrono Boost)  
  84  5:41  Zealot, Probe (Chrono Boost)  
  84  5:42  Zealot  
  89  5:46  Probe (Chrono Boost)  
  89  5:47  Photon Cannon  
  89  5:49  Probe (Chrono Boost)  
  91  5:52  Adept, Pylon  
  91  5:53  Probe (Chrono Boost)  
  95  5:58  Gateway, Probe (Chrono Boost)  
  95  6:00  Gateway  
  95  6:02  Probe (Chrono Boost)  
  96  6:04  Twilight Council  
  96  6:07  Probe (Chrono Boost)  
  97  6:14  Stalker x2  
  102  6:24  Stalker  
  75  6:37  Probe (Chrono Boost)  
  75  6:38  Probe (Chrono Boost)  
  71  6:46  Templar Archives  
Show
View Real Time Build Order
Export as new Build Order

Dark Zerg - Winner!

Build Orders: Pool First 

Get SALT Encoding   

  12  0:02  Drone  
  13  0:13  Overlord  
  13  0:17  Drone  
  14  0:31  Drone  
  14  0:32  Drone  
  16  0:37  Drone  
  17  0:46  Extractor  
  17  0:47  Drone  
  17  0:51  Spawning Pool  
  16  0:57  Drone  
  17  1:08  Drone  
  18  1:19  Drone  
  19  1:34  Hatchery  
  19  1:38  Zergling x2  
  19  1:39  Drone  
  20  1:43  Queen  
  22  1:51  Metabolic Boost  
  22  1:56  Overlord  
  23  2:15  Drone x2  
  23  2:18  Queen  
  26  2:25  Drone  
  27  2:34  Drone  
  28  2:44  Hatchery  
  28  2:48  Zergling x4  
  29  2:53  Drone  
  29  2:55  Pneumatized Carapace  
  30  3:00  Drone x2  
  30  3:03  Drone  
  33  3:08  Drone x2  
  34  3:13  Overlord  
  34  3:26  Drone  
  35  3:31  Drone x7  
  42  3:36  Drone  
  43  3:41  Spore Crawler  
  43  3:42  Spore Crawler  
  43  3:43  Queen  
  43  3:49  Overlord  
  43  4:02  Evolution Chamber  
  43  4:03  Queen  
  43  4:04  Baneling Nest  
  43  4:06  Drone  
  43  4:07  Drone x3  
  48  4:10  Drone  
  48  4:11  Extractor  
  48  4:12  Drone  
  47  4:17  Drone x3  
  47  4:19  Drone  
  47  4:22  Drone  
  51  4:26  Overlord  
  51  4:28  Drone  
  52  4:36  Overlord  
  52  4:37  Drone x2  
  54  4:39  Drone x2, Spore Crawler  
  54  4:45  Zerg Melee Weapons Level 1  
  55  4:49  Queen  
  56  4:59  Drone  
  54  5:02  Zergling x6  
  54  5:03  Zergling x8  
  61  5:10  Overlord, Queen  
  61  5:13  Zergling x2  
  61  5:14  Zergling x4  
  66  5:18  Zergling x4  
  66  5:21  Zergling x4  
  70  5:23  Zergling x4  
  70  5:26  Overlord  
  72  5:30  Zergling x4  
  74  5:36  Overlord x2  
  74  5:45  Baneling  
  74  5:46  Baneling, Zergling x6  
  74  5:47  Zergling x4  
  78  5:51  Zergling x2  
  78  5:53  Zergling x4  
  78  5:56  Baneling  
  78  5:57  Baneling x6, Overlord  
  81  5:59  Baneling x4  
  81  6:00  Zergling x2  
  82  6:04  Baneling x2  
  82  6:06  Baneling x2  
  82  6:07  Zergling x6  
  85  6:15  Zergling x4  
  77  6:26  Zergling x4  
  77  6:27  Zergling x4  
  77  6:28  Zergling x4  
Tags
 
Add a new tag
Caveats
  • Supply blocks, unpowered buildings, or Contaminate may cause inaccurate times.
  • Supply counts are checked every 10 seconds.